 Dungeon Crawl Stone Soup version 0.32-a0-876-gcfddb08e57 (webtiles) character file.

Game seed: 13132275919223966076

261 Autsider the Digger (level 6, 0/32 HPs)
             Began as a Gargoyle Earth Elementalist on Mar 31, 2024.
             Was an Initiate of Gozag.
             Slain by Pikel
             ... wielding a +2 whip of freezing
              (11 damage)
             ... on level 4 of the Dungeon.
             The game lasted 00:09:47 (2880 turns).

Autsider the Digger (Gargoyle Earth Elementalist)   Turns: 2880, Time: 00:09:47

Health: 0/32       AC:  9    Str: 12    XL:     6   Next: 18%
Magic:  13/20      EV: 15    Int: 17    God:    Gozag
Gold:   128        SH:  0    Dex: 10    Spells: 7/11 levels left

rFire   + . .        o - +1 dagger (venom)
rCold   . . .        (no shield)
rNeg    + . .        x - +1 leather armour {rF+}
rPois   ∞            l - +0 helmet
rElec   +            (no cloak)
rCorr   .            (no gloves)
SInv    .            (no boots)
Will    .....        (no amulet)
Stlth   ++           f - ring of magical power
HPRegen 0.25/turn    n - +5 ring of evasion
MPRegen 0.17/turn

%: no passive effects
@: no status effects
A: sickness immunity, AC +4, negative energy resistance 1, electricity
resistance, torment resistance 1, petrification resistance
a: Renounce Religion, Potion Petition, Call Merchant, Bribe Branch


You were on level 4 of the Dungeon.
You worshipped Gozag.
Gozag was aware of your devotion.
You visited 2 branches of the dungeon, and saw 7 of its levels.

You collected 239 gold pieces.
You paid 111 gold pieces to Gozag.

Inventory:

Hand Weapons
 i - a +0 whip
 o - a +1 dagger of venom (weapon)
 s - a +1 sling of freezing
Missiles
 e - 42 stones
 g - 4 javelins
 k - a throwing net
 v - 9 poisoned darts
Armour
 a - a +0 robe
 l - a +0 helmet (worn)
 x - a +1 leather armour of fire resistance (worn)
Jewellery
 f - a ring of magical power (left hand)
 j - a +6 ring of dexterity
 n - a +5 ring of evasion (right hand)
 w - a ring of positive energy
Scrolls
 c - 5 scrolls of identify {unknown}
 h - 2 scrolls of teleportation {unknown}
 m - a scroll of amnesia {unknown}
 p - a scroll of fog {unknown}
 t - a scroll of poison {unknown}
 u - a scroll of immolation {unknown}
 y - a scroll of revelation {unknown}
 z - a scroll of summoning {unknown}
Potions
 b - a potion of magic
 d - a potion of heal wounds {unknown}
 q - a potion of mutation {unknown}
 r - a potion of haste {unknown}
 A - a potion of cancellation {unknown}


   Skills:
 + Level 0.1 Fighting
 - Level 1.5 Dodging
 - Level 2.1 Stealth
 + Level 3.3 Spellcasting
 + Level 3.2 Conjurations
 * Level 6.2 Earth Magic


You had 7 spell levels left.
You knew the following spells:

 Your Spells              Type           Power      Damage    Failure   Level
a - Sandblast             Erth           48%        2d12      1%          1
b - Stone Arrow           Conj/Erth      38%        3d9       9%          3

Your spell library contained the following spells:

 Spells                   Type           Power      Damage    Failure   Level
 Passwall                 Erth           24%        N/A       4%          3
 Brom's Barrelling Bould  Conj/Erth      19%        2d4       30%         4
 Petrify                  Alch/Erth      13%        N/A       52%         4


Dungeon Overview and Level Annotations

Branches:
Dungeon (6/15)             Temple (1/1) D:4

Altars:
Ashenzari
Cheibriados
Dithmenos
Fedhas
Gozag
Hepliaklqana
Makhleb
Okawaru
Qazlal
Ru
Trog
Uskayaw
Vehumet
Xom
Zin

Annotations:
D:4 Pikel


Innate Abilities, Weirdness & Mutations

You are immune to sickness and miasma.
Your stone body is resilient. (AC +4)
You are immune to poison.
You resist negative energy. (rN+)
You are resistant to electric shocks. (rElec)
You are resistant to unholy torment.
You are immune to petrification.


Message History

Press: ? - help, Shift-Dir - straight line, f - ball python, p - Pikel
Aim: a ball python (64% to hit)
The stone arrow hits Pikel!
Pikel is lightly wounded.
You barely miss Pikel.
Pikel is lightly wounded.
Pikel misses you.
You hit Pikel but do no damage.
Pikel is poisoned.
Pikel is lightly wounded.
Pikel closely misses you.
You hit Pikel but do no damage.
Pikel looks as sick as possible!
Pikel is moderately wounded.
Pikel hits you with a +2 whip of freezing!
Pikel freezes you.
Casting: Stone Arrow (quite dangerous; 9% risk of failure)
Confirm with . or Enter, or press ? or * to list all spells.
Aiming: Sandblast (safe; 1% risk of failure)
Press: ? - help, Shift-Dir - straight line, f/p - ball python
Aim: a ball python (81% to hit)
The blast of sand hits Pikel.
Pikel is moderately wounded.
Pikel hits you with a +2 whip of freezing.
* * * LOW HITPOINT WARNING * * *
Pikel freezes you.
* * * LOW HITPOINT WARNING * * *
Pikel hits you with a +2 whip of freezing.
* * * LOW HITPOINT WARNING * * *
Pikel freezes you.
* * * LOW HITPOINT WARNING * * *
Casting: Sandblast (safe; 1% risk of failure)
Confirm with . or Enter, or press ? or * to list all spells.
Aiming: Sandblast (safe; 1% risk of failure)
Press: ? - help, Shift-Dir - straight line, f/p - ball python
Aim: a ball python (81% to hit)
The blast of sand hits Pikel.
Pikel is heavily wounded.
Pikel hits you with a +2 whip of freezing!
You die...
Pikel says, "See you in Hell!"
Your body crumbles into a pile of gold.

###
#.###############
#.5......5.SK..5#
#.#############S#
#.# ..# #5# #5#
#.# #K# #.### #.#
#@# ##K#...... #.#
.#S##..#.# #.#
.#.#...#.# #.#
.5......># #.#
.#.#...#.#####.#.#
.#.#...........#.#
.#.#.....#######.#
.#.##.#........#.#


You could see Pikel (extremely poisoned), 2 lemures and a ball python.

Vanquished Creatures
  2 lemures (D:4)
  A bombardier beetle (D:3)
  Natasha (twice) (D:2 D:3)
  An orc wizard (D:3)
  6 adders
  2 dart slugs (D:1)
  9 orcs
  8 ball pythons
  7 bats
  9 endoplasms
  3 giant cockroaches (D:1)
  10 goblins
  6 hobgoblins
  4 jackals (D:3)
  6 kobolds
  3 quokkas
  2 frilled lizards (D:3)
  4 rats
85 creatures vanquished.

Notes
Turn   | Place    | Note
-------+----------+-------------------------------------------
     0 | D:1      | Autsider the Gargoyle Earth Elementalist began the quest
                  | for the Orb.
     0 | D:1      | Reached XP level 1. HP: 10/10 MP: 3/3
    64 | D:1      | Reached XP level 2. HP: 15/15 MP: 0/5
    95 | D:1      | Reached skill level 4 in Earth Magic
   560 | D:1      | Reached XP level 3. HP: 19/19 MP: 3/6
   805 | D:2      | Noticed Natasha
   822 | D:2      | Reached XP level 4. HP: 21/24 MP: 7/7
   825 | D:2      | Killed Natasha
   826 | D:2      | Reached skill level 5 in Earth Magic
  1145 | D:2      | Noticed Natasha
  1980 | D:3      | Reached XP level 5. HP: 28/28 MP: 9/9
  2123 | D:3      | You fall into a shaft and drop 3 floors!
  2127 | D:6      | Noticed an ogre
  2147 | D:5      | Entered Level 5 of the Dungeon
  2260 | D:3      | Killed Natasha
  2378 | D:3      | Reached skill level 6 in Earth Magic
  2400 | D:3      | Reached XP level 6. HP: 29/32 MP: 10/10
  2554 | D:3      | Learned a level 3 spell: Stone Arrow
  2585 | D:4      | Found a staircase to the Ecumenical Temple.
  2595 | Temple   | Entered the Ecumenical Temple
  2603 | Temple   | Became a worshipper of Gozag Ym Sagoz the Greedy
  2833 | D:4      | Noticed Pikel
  2880 | D:4      | Slain by Pikel

Illustrated notes

Levels and vault maps discovered:
D:1:      lightli_arrival_noodles, layout_basic
D:2:      layout_loops_corners, uniq_natasha
D:3:      layout_rooms
D:4:      layout_basic, minmay_temple_entry_junction, uniq_ijyb, uniq_pikel
D:5:      layout_layer_cave, kiku_gazebo_garden_becter, gup_sewer_entry_glass,
          item_on_display_a
D:6:      layout_rooms
Temple:   eino_wide_crystal_templ

Skill      XL: |  1  2  3  4  5 |
---------------+----------------+-----
Earth Magic    | 4 5 6 |  6.2
Conjurations   | 2 3 |  3.2
Spellcasting   | 3 |  3.3
Fighting       | |  0.1
Dodging        | |  1.5
Stealth        | |  2.1

Action                     |  1- 3 |  4- 6 || total
---------------------------+-------+-------++-------
  Melee: Unarmed           |    39 |       ||    39
         Club              |     6 |       ||     6
         Whip              |    11 |    12 ||    23
         Dagger            |       |    44 ||    44
   Cast: Sandblast         |    39 |    66 ||   105
         Stone Arrow       |       |     2 ||     2
   Stab: Sleeping          |       |     3 ||     3
 Armour: Robe              |    52 |    38 ||    90
         Leather armour    |       |    10 ||    10
  Dodge: Dodged            |    58 |    61 ||   119

Table legend: (Time is in decaauts)
 A = Elapsed time spent in this place.
 B = Non-inter-level travel time spent in this place.
 C = Inter-level travel time spent in this place.
 D = Time resting spent in this place.
 E = Time spent auto-exploring this place.
 F = Levels seen in this place.
 G = Mean time per level.
                   A        B        C        D        E       F      G
               +--------+--------+--------+--------+--------+-----+--------+
         Total |   2931 |   2409 |    522 |    259 |   1483 |   7 |  418.7 |
       Dungeon |   2915 |   2400 |    515 |    259 |   1483 |   6 |  485.8 |
        Temple |     15 |      8 |      7 |      0 |      0 |   1 |   15.0 |
               +--------+--------+--------+--------+--------+-----+--------+

Top non-repeatable levels by time:
     D:2: 1230 daAuts
     D:1: 720 daAuts
     D:3: 600 daAuts
     D:4: 299 daAuts
     D:5: 40 daAuts
     D:6: 23 daAuts
  Temple: 15 daAuts
